 Dungeon Crawl Stone Soup version 0.27-a0-1200-g94dc6ad4cf (webtiles) character file.

Game seed: 17301728393387589126

55647 bilbop the Warrior (level 14, -1/135 HPs)
             Began as a Minotaur Fighter on May 31, 2021.
             Was the Champion of Trog.
             Slain by Jorgrun
             ... wielding a staff of earth
              (8 damage)
             ... on level 12 of the Dungeon.
             The game lasted 01:44:05 (22739 turns).

bilbop the Warrior (Minotaur Fighter)              Turns: 22739, Time: 01:44:05

Health: -1/135     AC: 23    Str: 24    XL:     14   Next: 39%
Magic:  0/21       EV:  4    Int: 10    God:    Trog [******]
Gold:   1792       SH: 13    Dex: 10    Spells: 17/17 levels left

rFire    . . .     SeeInvis +   a - +4 eveningstar (holy)
rCold    . . .     Faith    .   c - +0 kite shield
rNeg     . . .     Spirit   +   i - +0 plate armour
rPois    .         Reflect  .   C - +1 hat {Int+3}
rElec    .         Harm     .   f - +0 cloak
rCorr    .         Rampage  +   B - +0 pair of gloves
Will     +....                  g - +2 pair of boots {rampage}
Stlth    ..........             G - amulet of guardian spirit
HPRegen  0.32/turn              e - +4 ring of slaying
MPRegen  0.17/turn              r - ring of see invisible

@: about to teleport, grasped by roots, constricted
A: horns 2, retaliatory headbutt
a: Renounce Religion, Berserk, Trog's Hand, Brothers in Arms


You were on level 12 of the Dungeon.
You worshipped Trog.
Trog was exalted by your worship.
You visited 3 branches of the dungeon, and saw 19 of its levels.

You collected 1891 gold pieces.
You spent 99 gold pieces at shops.

Inventory:

Hand Weapons
 a - a +4 eveningstar of holy wrath (weapon)
 b - a +0 hunting sling
 L - a +0 whip of electrocution
 M - a +2 whip of venom
 V - a +2 vorpal dire flail
Missiles
 m - 3 throwing nets (quivered)
 z - 143 sling bullets
Armour
 c - a +0 kite shield (worn)
 f - a +0 cloak (worn)
 g - a +2 pair of boots of rampaging (worn)
 i - a +0 plate armour (worn)
 A - a +3 scale mail of fire resistance
 B - a +0 pair of gloves (worn)
 C - a +1 hat of intelligence (worn)
Jewellery
 e - a +4 ring of slaying (left hand)
 k - a ring of positive energy
 n - an amulet of faith
 r - a ring of see invisible (right hand)
 w - a +4 ring of evasion
 G - an amulet of guardian spirit (around neck)
 I - a ring of protection from cold
 J - a +6 ring of dexterity
 O - a ring of protection from cold
 U - a +4 ring of protection
 W - a ring of ice
Wands
 s - a wand of iceblast (29)
 x - a wand of flame (22)
 E - a wand of polymorph (16)
 H - a wand of paralysis (11)
 P - a wand of charming (10)
 S - a wand of digging (12)
Scrolls
 h - 3 scrolls of teleportation
 l - 4 scrolls of magic mapping
 o - 5 scrolls of enchant armour
 q - 8 scrolls of enchant weapon
 v - a scroll of silence
 N - a scroll of holy word
 T - 2 scrolls of identify
Potions
 d - 7 potions of might
 j - 2 potions of berserk rage {unknown}
 p - 4 potions of haste
 t - a potion of lignification {unknown}
 u - 2 potions of mutation {unknown}
 D - 5 potions of heal wounds
 F - 2 potions of curing
 K - 3 potions of flight {unknown}
 Q - a potion of ambrosia {unknown}
 R - 2 potions of magic


   Skills:
 + Level 15.0 Fighting
 * Level 12.7 Maces & Flails
 + Level 8.2 Slings
 + Level 12.1 Armour
 + Level 12.1 Shields
 - Level 2.0 Spellcasting
 * Level 11.2 Invocations


You had 17 spell levels left.
You didn't know any spells.
Your spell library contained the following spells:

 Spells                   Type           Power      Damage    Failure   Level
 Passwall                 Tmut/Erth      0%         N/A       100%        2
 Stone Arrow              Conj/Erth      2%         3d7       100%        3
 Leda's Liquefaction      Hex/Erth       0%         N/A       100%        4
 Iron Shot                Conj/Erth      0%         9d1       100%        6


Dungeon Overview and Level Annotations

Branches:
Dungeon (12/15)            Temple (1/1) D:4            Lair (6/6) D:11
  Swamp (0/4) Lair:2       Spider (0/4) Lair:3        Slime (0/5) Lair:6
    Orc (0/2) D:11

Altars:
Ashenzari
Cheibriados
Dithmenos
Elyvilon
Fedhas
Gozag
Hepliaklqana
Kikubaaqudgha
Makhleb
Nemelex Xobeh
Okawaru
Qazlal
Ru
Sif Muna
Trog
Uskayaw
Vehumet
Wu Jian
Xom
Yredelemnul
Zin
The Shining One

Shops:
D:3 [   D:8 !   D:9 !

Annotations:
D:5 2 transporters
D:10 3 runed translucent doors, siradein's ghost, journeyman DsHu
D:12 Jorgrun
Lair:6 2 runed translucent doors


Innate Abilities, Weirdness & Mutations

You have a pair of horns on your head.
You reflexively headbutt those who attack you in melee.


Message History

Jorgrun hits you but does no damage.
* * * LOW HITPOINT WARNING * * *
The grasping roots constrict you. The orc hits you but does no damage.
Jorgrun hits you but does no damage. The grasping roots constrict you.
The orc hits you but does no damage.
The electric eel shoots out a bolt of lightning at you!
The bolt of electricity hits you.
* * * LOW HITPOINT WARNING * * *
An orc wizard comes into view. It is wielding a +0 dagger.
Jorgrun hits you but does no damage.
* * * LOW HITPOINT WARNING * * *
The grasping roots constrict you.
The orc wizard shouts!
The orc hits you but does no damage.
The electric eel shoots out a bolt of lightning at you!
The bolt of electricity hits the orc!
The orc dies!
The bolt of electricity hits you!
* * * LOW HITPOINT WARNING * * *
Jorgrun hits you with a staff of earth!
* * * LOW HITPOINT WARNING * * *
Jorgrun shatters you.
* * * LOW HITPOINT WARNING * * *
x2 The grasping roots constrict you!
You turn to flesh and can move again.
As you read the scroll of fear, it crumbles to dust.
You assume a fearsome visage.
Jorgrun resists with almost no effort.
The orc wizard looks frightened!
The orc looks frightened!
The orc wizard looks frightened!
The electric eel looks frightened!
The orc wizard gestures at itself while chanting.
The orc wizard flickers and vanishes for a moment.
Jorgrun hits you but does no damage. Jorgrun shatters you!
* * * LOW HITPOINT WARNING * * *
x2 The grasping roots constrict you.
The orc wizard points at itself and mumbles some strange words.
The orc wizard flickers and vanishes for a moment.
As you read the scroll of teleportation, it crumbles to dust.
You feel strangely unstable. You block Jorgrun's attack.
You die...

........÷...###....#♣≈
...........## #...≈≈
....>.>)...# ...#PP
.....>.....## #...# ♣
............###....##≈
#....................♣
##....................
#..................$.
#....###...@........$
....# ##.g.)(.......
.... #...♣≈♣♣≈...≈ ..
#..o≈≈P≈≈♣≈≈≈
#o.♣≈≈P≈≈≈≈≈≈≈
...≈≈≈≈≈≈≈≈≈≈
g..o..........
.....≈P≈P≈P≈≈≈≈
.....P≈PP≈≈≈♣♣


You could see Jorgrun, 2 orc wizards and an orc (fleeing).

Vanquished Creatures
  4 hydras
  3 boulder beetles
  Harold (D:7)
  Fannar (Lair:2)
  A centaur warrior (D:10)
  Erica (D:10)
  A two-headed ogre (D:10)
  3 death yaks (D:11)
  Nergalle (D:11)
  Urug (Lair:2)
  Pikel (D:8)
  A lindwurm (Lair:6)
  4 deep elf pyromancers (D:12)
  2 manticores
  An ugly thing (D:11)
  3 cyclopes
  Maurice (D:11)
  7 elephants
  3 black mambas
  2 molten gargoyles (Lair:6)
  A gargoyle (D:10)
  7 cane toads
  Psyche (D:8)
  12 rime drakes
  5 komodo dragons
  2 tengu conjurers (D:8)
  3 jumping spiders (Lair:3)
  2 trolls
  Grinder (D:3)
  15 blink frogs
  5 slime creatures (D:12)
  4 dream sheep (Lair:6)
  2 vampires
  2 wraiths
  3 redbacks (Lair:3)
  A shadow (D:12)
  8 wyverns
  3 fire bats (Lair:6)
  47 yaks
  2 vampire mosquitoes (D:10)
  4 basilisks
  14 steam dragons
  An acid dragon (D:11)
  4 hell hounds (Lair:6)
  15 water moccasins
  A swamp drake (D:11)
  4 sky beasts
  6 orc warriors
  2 ice beasts
  6 wolves (Lair:3)
  A necrophage (D:5)
  2 ogres
  6 centaurs
  2 phantoms
  2 lemures (D:7)
  12 bullfrogs
  A gnoll sergeant (D:11)
  2 wyvern zombies
  4 scorpions
  2 wyvern skeletons
  3 water moccasin skeletons
  A water moccasin zombie (D:6)
  19 wights
  A killer bee (D:10)
  5 electric eels
  5 lava snakes (Lair:6)
  3 bullfrog zombies (D:6)
  2 jellies
  9 centaur zombies
  8 hounds
  2 orc priests (D:11)
  2 bullfrog skeletons (D:6)
  2 centaur skeletons
  An iguana (D:7)
  11 hell rats
  13 orc wizards
  A killer bee zombie (D:7)
  A hound zombie (D:5)
  3 hound skeletons
  A howler monkey zombie (D:6)
  4 gnolls (D:11)
  10 adders
  7 river rats
  A shadow imp (D:5)
  3 white imps
  3 adder skeletons
  3 worms
  2 dart slugs
  39 orcs
  6 bats
  4 endoplasms
  6 goblins
  6 hobgoblins
  12 jackals
  3 ball pythons
  4 frilled lizards
  9 kobolds
  6 rats
480 creatures vanquished.

Vanquished Creatures (others)
  A rime drake (Lair:2)
  2 orcs
  18 fungi
  111 plants
  A withered plant (D:11)
133 creatures vanquished.

Grand Total: 613 creatures vanquished

Notes
Turn   | Place    | Note
-------+----------+-------------------------------------------
     0 | D:1      | bilbop the Minotaur Fighter began the quest for the Orb.
     0 | D:1      | Reached XP level 1. HP: 19/19 MP: 0/0
   126 | D:1      | Found a faded altar of an unknown god.
   297 | D:1      | Reached XP level 2. HP: 27/27 MP: 1/1
  1234 | D:2      | Reached XP level 3. HP: 33/33 MP: 2/2
  1262 | D:2      | Reached skill level 4 in Fighting
  1730 | D:2      | Identified the Collected Works on the Rocks
  1814 | D:2      | Reached XP level 4. HP: 38/40 MP: 4/4
  2003 | D:3      | Found Wocavil's Antique Armour Shop.
  2030 | D:3      | Noticed Grinder
  2163 | D:3      | Reached skill level 1 in Spellcasting
  2562 | D:3      | Found a basalt altar of Yredelemnul.
  2618 | D:3      | Reached XP level 5. HP: 45/47 MP: 5/5
  2703 | D:4      | Noticed a phantom
  2703 | D:4      | Noticed an ice beast
  2713 | D:3      | Killed a phantom
  2768 | D:4      | Killed an ice beast
  2769 | D:4      | Reached XP level 6. HP: 37/55 MP: 7/7
  2929 | D:4      | Reached skill level 5 in Armour
  2959 | D:4      | Reached skill level 5 in Fighting
  2959 | D:4      | Reached skill level 5 in Shields
  3172 | D:4      | Found a staircase to the Ecumenical Temple.
  3186 | D:4      | Reached XP level 7. HP: 58/61 MP: 7/9
  3195 | Temple   | Entered the Ecumenical Temple
  3290 | Temple   | Became a worshipper of Trog the Wrathful
  3664 | D:4      | Found a hazy altar of Hepliaklqana.
  3920 | D:3      | Paralysed by Grinder for 3 turns
  3923 | D:3      | Killed Grinder
  3924 | D:3      | Reached skill level 5 in Maces & Flails
  4256 | D:5      | Entered Level 5 of the Dungeon
  4290 | D:5      | Reached skill level 6 in Fighting
  4359 | D:5      | Reached XP level 8. HP: 67/71 MP: 10/10
  4443 | D:5      | Identified 2 scrolls of acquirement
  4450 | D:5      | Acquired 734 gold pieces
  4493 | D:5      | Reached skill level 7 in Fighting
  4689 | D:5      | Found a transporter.
  4714 | D:5      | Reached * piety under Trog
  5179 | D:5      | Reached skill level 8 in Fighting
  5188 | D:5      | Found an ornate altar of the Wu Jian Council.
  5341 | D:5      | Found a transporter.
  5614 | D:6      | Reached XP level 9. HP: 82/82 MP: 11/11
  5661 | D:6      | Acquired a +2 pair of boots of rampaging
  5792 | D:6      | Reached skill level 9 in Fighting
  6169 | D:6      | Reached ** piety under Trog
  6319 | D:6      | Found a white marble altar of Elyvilon.
  6426 | D:7      | Found an iron altar of Okawaru.
  6472 | D:7      | Reached skill level 1 in Invocations
  6677 | D:7      | Noticed Harold
  6695 | D:7      | Killed Harold
  6696 | D:7      | Reached skill level 10 in Fighting
  6696 | D:7      | Reached XP level 10. HP: 89/93 MP: 12/12
  6907 | D:7      | Identified the -1 pair of boots of the Great Game {Int+2}
  7765 | D:8      | Noticed Pikel
  7787 | D:8      | Killed Pikel
  7867 | D:8      | Found a burning altar of Makhleb.
  7935 | D:8      | Reached skill level 1 in Slings
  8131 | D:8      | Noticed Psyche
  8193 | D:8      | Killed Psyche
  8193 | D:8      | Reached *** piety under Trog
  8200 | D:8      | Found a broken altar of Ashenzari.
  8373 | D:8      | Reached skill level 11 in Fighting
  8423 | D:8      | Found a stormy altar of Qazlal.
  8471 | D:8      | Found Esaalapp's Distillery.
  8479 | D:8      | Bought a potion of heal wounds for 60 gold pieces
  8674 | D:8      | Acquired a +1 hat of intelligence
  8690 | D:9      | Found a blossoming altar of Fedhas.
  8693 | D:9      | Found an ancient bone altar of Kikubaaqudgha.
  8867 | D:9      | Found a snail-covered altar of Cheibriados.
  8997 | D:9      | Found Geihuich's Distillery.
  9000 | D:9      | Bought a potion of curing for 39 gold pieces
  9046 | D:9      | Reached skill level 5 in Invocations
  9148 | D:9      | Found a hide-covered altar of Uskayaw.
  9296 | D:9      | Found a glowing silver altar of Zin.
  9547 | D:10     | Entered Level 10 of the Dungeon
  9908 | D:10     | Found a runed translucent gate.
  9908 | D:10     | Found a runed translucent gate.
  9909 | D:10     | Found a runed translucent gate.
  9912 | D:10     | Noticed a spectral centaur warrior
  9913 | D:10     | Noticed a spectral centaur warrior
  9914 | D:10     | Noticed a spectral centaur warrior
  9914 | D:10     | Noticed siradein's ghost (journeyman DsHu)
  9914 | D:10     | Noticed a spectral centaur warrior
  9974 | D:10     | Identified the +4 dagger of Dullness {freeze, rCorr}
  9988 | D:10     | Reached XP level 11. HP: 83/102 MP: 14/14
 10121 | D:10     | Noticed a two-headed ogre
 10125 | D:10     | Noticed Erica
 10131 | D:10     | Noticed a centaur warrior
 10137 | D:10     | Killed a two-headed ogre
 10146 | D:10     | Killed Erica
 10156 | D:10     | Killed a centaur warrior
 10172 | D:10     | Reached skill level 12 in Fighting
 10175 | D:10     | Reached **** piety under Trog
 10943 | D:10     | Reached skill level 10 in Armour
 11476 | D:10     | Reached skill level 10 in Shields
 11703 | D:11     | Noticed Nergalle
 11754 | D:11     | Killed Nergalle
 11956 | D:11     | Reached XP level 12. HP: 100/113 MP: 16/16
 12013 | D:11     | Found a basalt altar of Yredelemnul.
 12073 | D:11     | Noticed a death yak
 12086 | D:11     | Noticed a death yak
 12088 | D:11     | Noticed a death yak
 12089 | D:11     | Killed a death yak
 12113 | D:11     | Killed a death yak
 12114 | D:11     | Reached skill level 5 in Slings
 12427 | D:11     | Killed a death yak
 12428 | D:11     | Reached skill level 13 in Fighting
 12549 | D:11     | Found a staircase to the Lair.
 12582 | D:11     | Reached skill level 10 in Maces & Flails
 12797 | D:11     | Noticed Maurice
 12813 | D:11     | Killed Maurice
 12834 | D:11     | Found a staircase to the Orcish Mines.
 13251 | D:11     | Noticed a boulder beetle
 13273 | D:11     | Killed a boulder beetle
 13802 | Lair:1   | Entered Level 1 of the Lair of Beasts
 13968 | Lair:1   | Noticed a six-headed hydra
 13988 | Lair:1   | Killed a six-headed hydra
 14945 | Lair:2   | Noticed a seven-headed hydra
 14964 | Lair:2   | Killed a seven-headed hydra
 15010 | Lair:2   | Noticed a five-headed hydra
 15024 | Lair:2   | Killed a five-headed hydra
 15061 | Lair:2   | Reached ***** piety under Trog
 15098 | Lair:2   | Noticed Urug
 15100 | Lair:2   | Reached XP level 13. HP: 123/123 MP: 18/18
 15109 | Lair:2   | Reached skill level 14 in Fighting
 15130 | Lair:2   | Killed Urug
 16195 | Lair:2   | Acquired a +4 eveningstar of holy wrath
 16362 | Lair:2   | Noticed Fannar
 16374 | Lair:2   | Killed Fannar
 16416 | Lair:2   | Found a staircase to the Swamp.
 16849 | Lair:4   | Reached skill level 10 in Invocations
 18150 | Lair:3   | Identified the +6 long sword of Weoxeyd {flame, Str+6}
 18381 | Lair:3   | Found a hole to the Spider Nest.
 19596 | Lair:5   | Identified the +3 rapier of the Sugar Beet {flame, rC+
                  | Int+5}
 20636 | Lair:6   | Entered Level 6 of the Lair of Beasts
 20705 | Lair:6   | Reached XP level 14. HP: 133/133 MP: 21/21
 20737 | Lair:6   | Reached ****** piety under Trog
 21084 | Lair:6   | Found a large runed translucent door.
 21084 | Lair:6   | Found a large runed translucent door.
 21528 | Lair:6   | Received a gift from Trog
 21658 | Lair:6   | Found a staircase to the Slime Pits.
 22648 | D:12     | Reached skill level 15 in Fighting
 22715 | D:12     | Noticed Jorgrun
 22739 | D:12     | Slain by Jorgrun

Illustrated notes

Levels and vault maps discovered:
D:1:      lightli_molten_gateway, layout_loops_ring,
          hellmonk_ecumenical_altar_run_dry
D:2:      minmay_skewed_foursquare, layout_basic, serial_forest,
          infiniplex_forest_zigzag_1, infiniplex_forest_zigzag_1,
          infiniplex_forest_straight_2, infiniplex_forest_corner_2,
          infiniplex_forest_straight_5
D:3:      layout_basic, general_overflow_altar, serial_shops,
          nicolae_shop_overgrown_old_shop, uniq_grinder
D:4:      layout_rooms, nicolae_hepliaklqana_hazy_memory,
          minmay_temple_entry_tees
D:5:      gammafunk_steamed_eel, layout_basic, pdpol_wu_jian_five_deadly_venoms,
          st_stairs_7, minmay_circle_x
D:6:      layout_basic, nicolae_elyvilon_temple_path, serial_undead,
          serial_undead_b, serial_undead_d, serial_undead_b, serial_undead_d
D:7:      layout_rooms, old_standard_altar, serial_bayou_crossing, uniq_harold
D:8:      layout_cave_pools, makhleb_blood_cavern_becter,
          nicolae_ashenzari_skybound, nicolae_overflow_hidden_temple,
          serial_shops, nicolae_shop_statue_plus, amcnicky_mini_pool_small,
          minmay_misc_feat_five, uniq_pikel, uniq_psyche
D:9:      layout_basic, grunt_temple_overflow_growth_and_decay,
          lemuel_round_altar, kennysheep_little_box, kennysheep_slug_shrine,
          serial_shops, kennysheep_mini_moat
D:10:     cheibrodos_fzero, layout_long_grid, gammafunk_ghost_necromancy,
          serial_bayou, serial_bayou_shore_a, serial_bayou_shore_b,
          serial_bayou_pond_c, serial_bayou_pond_c, uniq_erica
D:11:     layout_cave_pools, dpeg_lair_monsters, erik_orc_1,
          yredelemnul_altar_generic, uniq_nergalle, uniq_maurice
D:12:     layout_big_octagon, serial_bayou, serial_bayou_pond_c,
          serial_bayou_pond_b, serial_bayou_shore_b, serial_bayou_lagoon_b,
          uniq_jorgrun
Temple:   dpeg_three_leaves_temple
Lair:1:   layout_loops_ring, st_stairs_4, lemuel_fruit_fields,
          infiniplex_staircase_pool
Lair:2:   dpeg_oklob_gauntlet, layout_long_grid, swamp_mist,
          bobbens_dragon_lair_wall, uniq_fannar, uniq_urug
Lair:3:   layout_regular_city, nicolae_spider_entry_tight_spaces
Lair:4:   layout_big_grid, kennysheep_rathole
Lair:5:   layout_roguey, chequers_serial_rivers_room_b, serial_bayou_lagoon_a,
          grunt_forest_small_clearing_treed, infiniplex_staircase_pool_2
Lair:6:   cheibrodos_lair_end_hotspot, layout_layer_cave,
          dpeg_slime_entry_corner, nicolae_volcano_entry_batcave

Skill      XL: |  1  2  3  4  5  6  7  8  9 10 11 12 13 14 |
---------------+-------------------------------------------+-----
Fighting       | 4 5 6 8 10 11 12 13 14 15 | 15.0
Maces & Flails | 3 4 5 6 7 8 9 10 12 | 12.7
Armour         | 4 5 6 7 8 9 10 11 12 | 12.1
Shields        | 4 5 6 7 8 9 10 11 12 | 12.1
Spellcasting   | 1 2 |  2.0
Invocations    | 3 5 7 9 10 11 | 11.2
Slings         | 3 4 6 7 8 |  8.2

Action                   |  1- 3 |  4- 6 |  7- 9 | 10-12 | 13-15 || total
-------------------------+-------+-------+-------+-------+-------++-------
Melee: Flail             |    76 |    87 |   245 |       |       ||   408
       Headbutt          |     9 |    14 |    65 |   208 |   124 ||   420
       Mace              |       |       |    22 |    73 |       ||    95
       Whip              |       |       |       |   682 |    87 ||   769
       Eveningstar       |       |       |       |       |   465 ||   465
 Fire: Hunting sling     |       |       |       |    40 |    41 ||    81
Throw: Throwing net      |       |       |       |     2 |       ||     2
Invok: Berserk           |       |       |     2 |     2 |     2 ||     6
Evoke: Wand              |       |       |       |       |     2 ||     2
  Use: Scroll            |       |       |     9 |     8 |     8 ||    25
Armor: Scale mail        |     4 |       |       |       |       ||     4
       Plate armour      |    28 |    40 |   159 |   339 |   342 ||   908
Dodge: Dodged            |    12 |    10 |    39 |   113 |   136 ||   310
Block: Kite shield       |    36 |    46 |   137 |   335 |   316 ||   870

Table legend: (Time is in decaauts)
 A = Elapsed time spent in this place.
 B = Non-inter-level travel time spent in this place.
 C = Inter-level travel time spent in this place.
 D = Time resting spent in this place.
 E = Time spent auto-exploring this place.
 F = Levels seen in this place.
 G = Mean time per level.
                   A        B        C        D        E       F      G
               +--------+--------+--------+--------+--------+-----+--------+
         Total |  22730 |  21049 |   1681 |   5081 |  12371 |  19 | 1196.3 |
       Dungeon |  14225 |  12907 |   1318 |   3310 |   7184 |  12 | 1185.4 |
        Temple |    103 |     76 |     27 |      0 |     74 |   1 |  103.0 |
          Lair |   8401 |   8065 |    336 |   1771 |   5113 |   6 | 1400.2 |
               +--------+--------+--------+--------+--------+-----+--------+

Top non-repeatable levels by time:
    D:10: 1998 daAuts
    D:11: 1742 daAuts
  Lair:3: 1700 daAuts
  Lair:6: 1558 daAuts
  Lair:2: 1450 daAuts
  Lair:1: 1415 daAuts
     D:2: 1411 daAuts
  Lair:5: 1326 daAuts
     D:9: 1297 daAuts
     D:5: 1182 daAuts
     D:3: 1161 daAuts
     D:4: 1151 daAuts
     D:8: 1140 daAuts
     D:6: 1076 daAuts
     D:7: 950 daAuts
